 Dungeon Crawl Stone Soup version 0.22-a0-565-gfc6459a (webtiles) character file.

500 inc the Firebug (level 7, -3/41 HPs)
             Began as an Octopode Fire Elementalist on June 28, 2018.
             Slain by a worker ant (7 damage)
             ... on level 4 of the Dungeon.
             The game lasted 00:07:54 (4486 turns).

inc the Firebug (Octopode Fire Elementalist)        Turns: 4486, Time: 00:07:55

Health: -3/41      AC:  1    Str:  7    XL:     7   Next: 16%
Magic:  10/10      EV: 13    Int: 19    God:
Gold:   217        SH:  0    Dex: 13    Spells: 5/10 levels left

rFire    + . .     SeeInvis .   y - +1 dire flail (crush)
rCold    . . .     Gourm    .   (shield currently unavailable)
rNeg     . . .     Faith    .   (helmet restricted)
rPois    +         Spirit   .   c - amulet of rage
rElec    .         Reflect  .   r - ring of protection from cold
rCorr    .         Harm     .   s - ring of poison resistance
MR       .....                  t - ring of fire
Stlth    +++.......             (no ring)
HPRegen  0.13/turn              (no ring)
MPRegen  0.12/turn              (no ring)
                                (no ring)
                                (no ring)

@: lethally poisoned (-3 -> -19)
A: almost no armour, stealthy swim, amphibious, 8 rings, constrict 8, camouflage
1, gelatinous body 1
a: Evoke Berserk Rage


You were on level 4 of the Dungeon.
You were not hungry.

You visited 1 branch of the dungeon, and saw 4 of its levels.
You also visited: Sewer.

You collected 217 gold pieces.

Inventory:

Hand Weapons
 a - a +0 whip
 p - a +0 short sword
 y - a +1 dire flail of crushing (weapon)
Missiles
 g - 3 needles of confusion
Jewellery
 c - an amulet of rage (around mantle)
 r - a ring of protection from cold (left tentacle)
 s - a ring of poison resistance (right tentacle)
 t - a ring of fire (on tentacle)
Scrolls
 f - a scroll of random uselessness {unknown}
 i - 2 scrolls of teleportation {unknown}
 l - 2 scrolls of remove curse {unknown}
 m - a scroll of fear {unknown}
 n - a scroll of magic mapping {unknown}
 o - a scroll of noise {unknown}
 q - a scroll of enchant weapon {unknown}
 v - a scroll of holy word {unknown}
Potions
 d - 2 potions of lignification
 e - a potion of ambrosia {unknown}
 j - a potion of heal wounds {unknown}
 k - 2 potions of brilliance
 u - a potion of invisibility
 w - a potion of agility
 x - a potion of mutation {unknown}
 z - a potion of berserk rage {unknown}
Comestibles
 b - 5 rations
 h - a chunk of flesh


   Skills:
 - Level 2.0 Dodging
 - Level 2.6 Stealth
 - Level 2.0 Spellcasting
 + Level 5.5 Conjurations
 + Level 5.6 Fire Magic


You had 5 spell levels left.
You knew the following spells:

 Your Spells              Type           Power        Failure   Level  Hunger
a - Flame Tongue          Conj/Fire      ####.        1%          1    #......
b - Sticky Flame          Conj/Fire      ####....     17%         4    #####..

Your spell library contained the following spells:

 Spells                   Type           Power        Failure   Level  Hunger
 Fireball                 Conj/Fire      ####......   43%         5    ######.
 Conjure Flame            Conj/Fire      ####....     4%          3    ###....
 Throw Flame              Conj/Fire      ####..       2%          2    ###....
 Inner Flame              Hex/Fire       ###.....     16%         3    ###....


Dungeon Overview and Level Annotations

Branches:
Dungeon (4/15)
 Temple: D:4-7

Altars:
Uskayaw
Vehumet
Wu Jian


Innate Abilities, Weirdness & Mutations

You cannot wear most types of armour.
You are very stealthy in the water. (Stealth+)
You are amphibious.
You can wear up to eight rings at the same time.
You can use your tentacles to constrict eight enemies at once.
Your skin changes colour to match your surroundings (Stealth+).
Your rubbery body absorbs attacks. (AC +1, EV +1)


Message History

The worker ant poisons you!
You hit the worker ant.
The worker ant is almost dead.
You constrict the worker ant, but do no damage.
You feel sick. The worker ant bites you.
You are more poisoned.
The worker ant poisons you!
You hit the worker ant but do no damage.
The worker ant is almost dead.
You constrict the worker ant.
You feel sick. The worker ant bites you!
You are more poisoned.
The worker ant poisons you! The worker ant bites you.
You completely miss the worker ant.
The worker ant is almost dead.
You constrict the worker ant.
* * * LOW HITPOINT WARNING * * *
You feel sick. The worker ant bites you!
* * * LOW HITPOINT WARNING * * *
The worker ant bites you!
You die...

# ## .## ..##
...### # .......
... ...####
.....#########
...#
......a@.....#
.#.#
.....#.##.##.###
.#.# ... #.
#.##...# .#.# #
#. #......# .#.#
# #. ####...#
...# #.# #.
#..## .### ##'##
#.#####..#### .#
##...##
#...........#
.#####.....##
#.###.##.##.#


You could see a worker ant.

Vanquished Creatures
  Edmund (D:4)
  Purgy (Sewer)
  An ogre (D:3)
  An orc priest (D:4)
  A hound skeleton (D:4)
  6 adders
  2 river rats (D:3)
  6 worms
  3 dart slugs (D:1)
  2 leopard geckos
  5 orcs
  4 giant cockroaches
  6 hobgoblins
  2 quokkas (D:2)
  A ball python (D:3)
  8 bats
  3 frilled lizards (D:1)
  4 goblins
  8 kobolds
  9 rats
74 creatures vanquished.

Notes
Turn   | Place    | Note
-------+----------+-------------------------------------------
     0 | D:1      | inc the Octopode Fire Elementalist began the quest for the Orb.
     0 | D:1      | Reached XP level 1. HP: 11/11 MP: 3/3
   163 | D:1      | Reached XP level 2. HP: 17/17 MP: 0/5
   733 | D:1      | Reached XP level 3. HP: 18/21 MP: 6/6
  1689 | D:2      | Reached XP level 4. HP: 14/27 MP: 0/7
  2393 | D:3      | Found a radiant altar of Vehumet.
  2428 | D:3      | Learned a level 4 spell: Sticky Flame
  2470 | D:3      | Noticed an ogre
  2762 | D:3      | Killed an ogre
  2762 | D:3      | Reached XP level 5. HP: 27/31 MP: 0/8
  2870 | D:3      | Found a glowing drain.
  2895 | Sewer    | Entered a sewer
  3194 | Sewer    | Noticed Purgy
  3207 | Sewer    | Killed Purgy
  3207 | Sewer    | Reached skill level 5 in Conjurations
  3207 | Sewer    | Reached XP level 6. HP: 36/36 MP: 4/9
  3408 | D:3      | Found an ornate altar of the Wu Jian Council.
  3705 | D:3      | Reached skill level 5 in Fire Magic
  4184 | D:4      | Found a hide-covered altar of Uskayaw.
  4184 | D:4      | Noticed Edmund
  4289 | D:4      | Killed Edmund
  4289 | D:4      | Reached XP level 7. HP: 41/41 MP: 0/10
  4486 | D:4      | Slain by a worker ant

Vault maps used:
D:1:      evilmike_arrival_hilbert_curve, st_stairs_13, minivault_24
D:3:      fiery_altar_vehumet, overflow_temple_1_default,
          lightli_sewer_entry_pipes, hex_large
D:4:      eat_drink_and_be_merry_uskayaw, first_ration, uniq_edmund
Sewer:    kennysheep_door_sewer

Skill      XL: |  1  2  3  4  5  6 |
---------------+-------------------+-----
Conjurations   | 2 3 4 5 |  5.5
Fire Magic     | 4 5 |  5.6
Dodging        | |  2.0
Stealth        | |  2.6
Spellcasting   | |  2.0

Action                   |  1- 3 |  4- 6 |  7- 9 || total
-------------------------+-------+-------+-------++-------
Melee: Unarmed           |     9 |       |       ||     9
       Whip              |    55 |       |       ||    55
       Constrict         |    19 |    13 |     2 ||    34
       Tentacles         |     9 |     6 |     1 ||    16
       Short sword       |       |    46 |       ||    46
       Dire flail        |       |       |     6 ||     6
 Cast: Flame Tongue      |    26 |    62 |       ||    88
       Sticky Flame      |       |     5 |       ||     5
  Use: Scroll            |       |     4 |       ||     4
 Stab: Sleeping          |    10 |     7 |       ||    17
  Eat: Chunk             |     3 |     9 |     2 ||    14
Armor: Skin              |     4 |     4 |       ||     8
Dodge: Dodged            |    62 |    40 |     2 ||   104

Table legend:
 A = Spawn XP
 B = Non-spawn XP
 C = Spawn XP percentage of total XP
 D = Spawn monster count
 E = Non-spawn monster count
 F = Spawn count percentage of total count
 G = Total turns spent on level
                    A         B        C        D         E        F      G
               +---------+---------+-------+---------+---------+-------+---------
         Total |       0 |     715 |   0.0 |       0 |      74 |   0.0 |  4486
               +---------+---------+-------+---------+---------+-------+---------
           D:1 |       0 |      36 |   0.0 |       0 |      19 |   0.0 |   975
           D:2 |       0 |      65 |   0.0 |       0 |      16 |   0.0 |  1207
           D:3 |       0 |     219 |   0.0 |       0 |      26 |   0.0 |  1316
           D:4 |       0 |     237 |   0.0 |       0 |       7 |   0.0 |   548
         Sewer |       0 |     158 |   0.0 |       0 |       6 |   0.0 |   440
               +---------+---------+-------+---------+---------+-------+---------
